 Dungeon Crawl Stone Soup version 0.19-a0-1195-ge0bab27 (webtiles) character file.

3459 Sixotanaka the Summoner (level 9, 0/57 HPs)
             Began as a Vampire Summoner on Aug 19, 2016.
             Was an Elder of Sif Muna.
             Slain by Joseph
             ... wielding a +0 quarterstaff of crushing
              (3 damage)
             ... on level 9 of the Dungeon.
             The game lasted 00:26:51 (11115 turns).

Sixotanaka the Summoner (Vampire Summoner)         Turns: 11115, Time: 00:26:51

Health: 0/57       AC:  9    Str:  7    XL:     9   Next: 78%
Magic:  0/12       EV: 16    Int: 20    God:    Sif Muna [****..]
Gold:   524        SH:  0    Dex: 15    Spells: 3 memorised, 4 levels left

rFire  + . .     SeeInvis +     k - +1 dagger (elec)
rCold  + + +     Gourm    .     E - +2 robe {rC+ rF+}
rNeg   + + +     Faith    .     (no shield)
rPois  +         Spirit   .     J - +0 helmet
rElec  .         Dismiss  .     p - +1 cloak
rCorr  .         Reflect  .     L - +0 pair of gloves
MR     +....     Harm     .     C - +0 pair of boots
Stlth  +++.......               M - amulet of regeneration
                                t - ring of protection from magic
                                m - +3 ring of evasion

@: regenerating slowly
A: fangs 3, see invisible, unbreathing
a: Bat Form, Divine Energy, Channel Magic, Forget Spell, Renounce Religion


You were on level 9 of the Dungeon.
You worshipped Sif Muna.
Sif Muna was greatly pleased with you.
You were near bloodless.

You visited 1 branch of the dungeon, and saw 9 of its levels.

You collected 546 gold pieces.
You spent 22 gold pieces at shops.


Innate Abilities, Weirdness & Mutations

You heal slowly.
You have razor-sharp teeth.
You have supernaturally acute eyesight. (SInv)
You can survive without breathing.


   Skills:
 - Level 2.1 Dodging
 - Level 3.0 Stealth
 - Level 2.0 Spellcasting
 - Level 10.8 Summonings
 + Level 7.9 Air Magic
 + Level 4.8 Invocations


You had 4 spell levels left.
You knew the following spells:

 Your Spells              Type           Power        Failure   Level  Hunger
a - Summon Small Mammal   Summ           ####         1%          1    #......
b - Call Canine Familiar  Summ           #####...     1%          3    ###....
c - Summon Lightning Spi  Summ/Air       #####...     4%          4    #####..


Dungeon Overview and Level Annotations

Branches:
Dungeon (9/15)             Temple (0/1) D:7
   Lair: D:8-11         Orc: D:9-12

Altars:
Cheibriados
Gozag
Hepliaklqana
Okawaru
Sif Muna

Shops:
D:4 [

Annotations:
D:9 Joseph

Inventory:

Hand Weapons
 k - a +1 dagger of electrocution (weapon)
   (You took it off an orc on level 9 of the Dungeon)
Armour
 p - a +1 cloak (worn)
   (You took it off Maurice on level 9 of the Dungeon)
 C - a +0 pair of boots (worn)
   (You found it on level 4 of the Dungeon)
 E - a +2 robe of resistance (worn)
   (You bought it in a shop on level 4 of the Dungeon)
 J - a +0 helmet (worn)
   (You found it on level 7 of the Dungeon)
 L - a +0 pair of gloves (worn)
   (You found it on level 7 of the Dungeon)
Jewellery
 l - an uncursed amulet of dismissal
   (You found it on level 2 of the Dungeon)
 m - a +3 ring of evasion (left hand)
   (You found it on level 2 of the Dungeon)
 t - a ring of protection from magic (right hand)
   (You found it on level 2 of the Dungeon)
 u - an uncursed ring of ice
   (You found it on level 4 of the Dungeon)
 H - an uncursed ring of poison resistance
   (You found it on level 5 of the Dungeon)
 M - an amulet of regeneration (around neck)
   (You found it on level 7 of the Dungeon)
Scrolls
 e - 3 scrolls of remove curse {@r2}
 g - 2 scrolls of recharging
 n - 3 scrolls of fear
 w - a scroll of enchant armour {unknown}
 x - a scroll of fog {unknown}
 B - 2 scrolls of blinking
 F - 2 scrolls of teleportation {@r4}
 Q - a scroll of noise {unknown}
Potions
 c - 34 potions of blood {@q0}
 d - a potion of might
 f - 4 potions of heal wounds {@q2}
 h - 3 potions of curing {@q1}
 i - a potion of magic {unknown}
 j - 3 potions of cancellation
 o - a potion of ambrosia {unknown}
 q - a potion of agility {unknown}
 s - a potion of experience {unknown}
 z - 2 potions of flight {unknown}
 A - a potion of degeneration {unknown}
 D - 3 potions of haste {@q3}
 G - a potion of brilliance {unknown}
 I - a potion of cure mutation {unknown}
 P - a potion of berserk rage {unknown}
Books
 a - a book of Ice
   (You found it on level 5 of the Dungeon)
 b - a book of Callings
 K - a book of Fire
   (You found it on level 7 of the Dungeon)
 N - a book of the Earth
   (You found it on level 7 of the Dungeon)

#... ..(........ . ##...
#.......>. ..
##...#######......... ...
#.........##...).....
#...#....................
.......K.................
......8o.....(.........##
......K@###(..(.......##
##...###@)(##........##
## ####.(#...[.###
####....## ##.### ###


You could see Joseph, an orc priest, 2 kobolds and a friendly lightning spire.


Message History

You kill the kobold!
Sif Muna accepts your kill.
The kobold wields a hand crossbow.
The kobold shoots a bolt.
The bolt completely misses you.
An orc priest comes into view. It is wielding a club.
Things that are here:
a short sword; a stone; 2 curare-tipped needles The orc priest shouts!
You hit the kobold.
The kobold unwields an uncursed hand crossbow.
The kobold barely misses you.
The orc priest moves out of view.
You hit the kobold but do no damage.
There is a sudden explosion of sparks!
You kill the kobold!
Sif Muna accepts your kill.
The orc drinks a potion.
The orc seems to grow stronger.
An orc comes into view. It is wielding a whip.
Joseph misses you.
Things that are here:
an uncursed hand crossbow; 15 bolts; 2 stones The orc shouts!
You hit Joseph but do no damage. You hit the orc.
There is a sudden explosion of sparks!
You kill the orc!
Sif Muna accepts your kill.
Joseph hits you with a quarterstaff of crushing.
You barely miss the big kobold. Joseph misses you.
You hit the big kobold.
The big kobold hits you but does no damage.
Joseph closely misses you.
You hit the big kobold. The big kobold barely misses you.
Joseph hits you with a quarterstaff of crushing!
An electric hum fills the air.
The big kobold hits you but does no damage.
Joseph shouts, "I love to fight!
I love killing!"
Joseph hits you with a quarterstaff of crushing!
You hit the big kobold.
There is a sudden explosion of sparks!
The big kobold barely misses you. Joseph completely misses you.
You hit the big kobold. You bite the big kobold.
You draw the big kobold's blood!
You feel better.
You feel slightly less thirsty. The big kobold closely misses you.
Joseph hits you with a quarterstaff of crushing!
You barely miss the big kobold. The big kobold closely misses you.
Joseph hits you with a quarterstaff of crushing!
* * * LOW HITPOINT WARNING * * *
x2 You hit the big kobold.
You kill the big kobold!
Sif Muna accepts your kill.
Joseph hits you with a quarterstaff of crushing!
* * * LOW HITPOINT WARNING * * *
You die...

Vault maps used:
D:1:      arrival_zaba_pyramid, minmay_misc_feat_secret_circle,
          due_unseen_surprise
D:2:      minmay_wonky_spiral, uniq_jessica
D:3:      nicolae_overflow_hidden_temple, gammafunk_temple_overflow_statue,
          ecumenical_altar_1
D:4:      led_sif_pool, cheibriados_altar_1, serial_shops, kennysheep_mini_moat
D:5:      first_bread, uniq_sigmund
D:6:      basic_altar
D:7:      lemuel_upstairs_altar, uniq_menkaure, uniq_duvessa
D:8:      lemuel_ratsnest
D:9:      nicolae_ru_path_of_blood, david_orc_3, uniq_erica, uniq_maurice,
          uniq_joseph

Vanquished Creatures
  A hippogriff (D:9)
  An ice beast (D:5)
  A sky beast (D:6)
  3 centaurs
  A big kobold (D:9)
  A killer bee (D:7)
  A wight (D:7)
  A crimson imp (D:6)
  A worker ant (D:6)
  3 gnolls
  4 adders
  A river rat (D:8)
  An adder zombie (D:7)
  An adder skeleton (D:5)
  A dart slug (D:1)
  A giant gecko (D:2)
  8 orcs
  A giant cockroach (D:2)
  A goblin (D:3)
  3 hobgoblins
  2 jackals
  A quokka (D:2)
  4 bats
  A giant cockroach zombie (D:5)
  A giant newt (D:3)
  5 kobolds
  A quokka skeleton (D:5)
  8 rats
59 creatures vanquished.

Vanquished Creatures (collateral kills)
  Erica (D:9)
  An ugly thing (D:7)
  Maurice (D:9)
  2 two-headed ogres (D:8)
  Sigmund (D:5)
  A hippogriff (D:7)
  A hungry ghost (D:7)
  Menkaure (D:7)
  Duvessa (D:7)
  2 orc warriors (D:8)
  A necrophage (D:7)
  2 ice beasts
  A sky beast (D:8)
  A black bear (D:9)
  A phantom (D:9)
  2 ogres
  2 big kobolds
  2 giant frogs
  A gnoll sergeant (D:8)
  Dowan (D:7)
  2 scorpions
  4 killer bees
  2 howler monkeys (D:8)
  8 wights (D:7)
  2 crimson imps
  4 hounds
  A gnoll shaman (D:6)
  A jelly (D:7)
  Jessica (D:2)
  5 orc wizards
  2 hell rats (D:8)
  A worker ant (D:7)
  A worker ant zombie (D:8)
  7 adders
  12 gnolls
  3 river rats (D:8)
  An ooze (D:3)
  4 worms
  3 giant geckos
  16 orcs
  A ball python (D:3)
  2 bats
  2 giant cockroaches
  A goblin (D:2)
  4 hobgoblins (D:2)
  8 jackals
  3 quokkas
  A giant gecko skeleton (D:2)
  2 giant newts
  17 kobolds
  A quokka skeleton (D:6)
  A quokka zombie (D:8)
  27 rats
176 creatures vanquished.

Grand Total: 235 creatures vanquished

Table legend:
 A = Turns spent in this place as a percentage of turns spent in the entire game.
 B = Non-inter-level travel turns spent in this place as a percentage of non-inter-level travel turns spent in the entire game.
 C = Inter-level travel turns spent in this place as a percentage of turns spent in this place.
 D = Turns resting spent in this place as a percentage of non-inter-level travel turns spent in this place.
 E = Turns spent auto-exploring this place as a percentage of non-inter-level travel turns spent in this place.
 F = Non-inter-level travel turns spent in this place divided by the number of levels of this place that you've seen.
                   A       B       C       D       E      F
               +-------+-------+-------+-------+-------+----------------------
         Total | 100.0 | 100.0 |   0.6 |   8.5 |  14.4 | 294.2
       Dungeon | 100.0 | 100.0 |   0.6 |   8.5 |  14.4 | 294.2
               +-------+-------+-------+-------+-------+----------------------

Table legend:
 A = Kills in this place as a percentage of kills in entire the game.
 B = Kills by you in this place as a percentage of kills by you in the entire game.
 C = Kills by friends in this place as a percentage of kills by friends in the entire game.
 D = Other kills in this place as a percentage of other kills in the entire game.
 E = Experience gained in this place as a percentage of experience gained in the entire game.
 F = Experience gained in this place divided by the number of levels of this place that you have seen.
                   A       B       C       D       E      F
               +-------+-------+-------+-------+-------+----------------------
         Total | 100.0 | 100.0 | 100.0 |  -nan | 100.0 | 549.1
       Dungeon | 100.0 | 100.0 | 100.0 |  -nan | 100.0 | 549.1
               +-------+-------+-------+-------+-------+----------------------

Notes
Turn   | Place    | Note
-------+----------+-------------------------------------------
     0 | D:1      | Sixotanaka the Vampire Summoner began the quest for the Orb.
     0 | D:1      | Reached XP level 1. HP: 13/13 MP: 3/3
   821 | D:2      | Reached XP level 2. HP: 9/19 MP: 1/5
  1910 | D:2      | Noticed Jessica
  1936 | D:2      | Killed Jessica
  1936 | D:2      | Reached skill level 5 in Summonings
  1936 | D:2      | Reached XP level 3. HP: 18/24 MP: 0/6
  2450 | D:2      | Learned a level 3 spell: Call Canine Familiar
  2717 | D:2      | Noticed an ogre
  2773 | D:2      | Killed an ogre
  2773 | D:2      | Reached XP level 4. HP: 26/30 MP: 1/7
  3024 | D:3      | Reached skill level 6 in Summonings
  3289 | D:3      | Found an iron altar of Okawaru.
  3338 | D:3      | Found a faded altar of an unknown god.
  3765 | D:3      | Found a hazy altar of Hepliaklqana.
  3766 | D:3      | Found an opulent altar of Gozag.
  4051 | D:4      | Reached XP level 5. HP: 35/35 MP: 8/8
  4187 | D:4      | Found a deep blue altar of Sif Muna.
  4253 | D:4      | Became a worshipper of Sif Muna the Loreminder
  4259 | D:4      | Learned a level 4 spell: Summon Lightning Spire
  4500 | D:4      | Found a snail-covered altar of Cheibriados.
  4684 | D:4      | Found Inuiha Piats's Antique Armour Shop.
  4687 | D:4      | Bought an embroidered robe for 22 gold pieces
  4824 | D:5      | Entered Level 5 of the Dungeon
  4941 | D:5      | Noticed an ogre
  4948 | D:5      | Killed an ogre
  5009 | D:5      | Reached skill level 7 in Summonings
  5107 | D:5      | Reached XP level 6. HP: 34/41 MP: 5/9
  5473 | D:5      | Noticed Sigmund
  5496 | D:5      | Noticed an ice beast
  5515 | D:5      | Killed an ice beast
  5515 | D:5      | Reached skill level 1 in Air Magic
  5795 | D:5      | Reached skill level 2 in Air Magic
  6052 | D:5      | Killed Sigmund
  6052 | D:5      | Reached skill level 3 in Air Magic
  6166 | D:6      | Reached * piety under Sif Muna
  6280 | D:6      | Reached XP level 7. HP: 45/46 MP: 2/10
  6284 | D:6      | Reached skill level 4 in Air Magic
  7050 | D:6      | Reached skill level 5 in Air Magic
  7084 | D:6      | Found a hazy altar of Hepliaklqana.
  7306 | D:6      | Reached skill level 6 in Air Magic
  7592 | D:7      | Noticed Menkaure
  7598 | D:7      | Killed Menkaure
  7605 | D:7      | Reached skill level 8 in Summonings
  7605 | D:7      | Reached XP level 8. HP: 49/52 MP: 6/11
  7664 | D:7      | Reached ** piety under Sif Muna
  7882 | D:7      | Reached skill level 9 in Summonings
  7912 | D:7      | Noticed a green ugly thing
  8155 | D:7      | Noticed Dowan
  8157 | D:7      | Noticed Duvessa
  8159 | D:7      | Found a staircase to the Ecumenical Temple.
  8172 | D:7      | Killed Duvessa
  8177 | D:7      | Killed Dowan
  8385 | D:7      | Killed a green ugly thing
  8385 | D:7      | Reached skill level 10 in Summonings
  8640 | D:8      | Noticed a two-headed ogre
  8793 | D:8      | Killed a two-headed ogre
  8793 | D:8      | Reached *** piety under Sif Muna
  8793 | D:8      | Reached XP level 9. HP: 50/57 MP: 3/12
  9066 | D:8      | Reached skill level 1 in Invocations
  9885 | D:8      | Reached skill level 2 in Invocations
 10615 | D:9      | Reached skill level 3 in Invocations
 10699 | D:9      | Reached skill level 7 in Air Magic
 10916 | D:9      | Noticed Erica
 10917 | D:9      | Noticed Maurice
 10944 | D:9      | Killed Erica
 10944 | D:9      | Reached skill level 4 in Invocations
 11060 | D:9      | Killed Maurice
 11060 | D:9      | Reached **** piety under Sif Muna
 11087 | D:9      | Noticed Joseph
 11115 | D:9      | HP: 3/57 [Joseph/quarterstaff of crushing (15)]
 11115 | D:9      | Slain by Joseph

Action                   |  1- 3 |  4- 6 |  7- 9 || total
-------------------------+-------+-------+-------++-------
Melee: Unarmed           |    82 |     6 |       ||    88
       Bite              |     8 |     6 |    14 ||    28
       Short sword       |       |    72 |   112 ||   184
       Dagger            |       |       |    24 ||    24
 Cast: Summon Small Mamm |    57 |    12 |    12 ||    81
       Call Canine Famil |     6 |    23 |    24 ||    53
       Summon Lightning  |       |     6 |    64 ||    70
Invok: Channel Magic     |       |       |     1 ||     1
  Use: Potion            |     2 |     4 |    11 ||    17
       Scroll            |       |       |    11 ||    11
 Stab: Sleeping          |     3 |    10 |     2 ||    15
       Distracted        |     2 |       |     8 ||    10
Armor: Robe              |    23 |     9 |    46 ||    78
Dodge: Dodged            |    73 |    64 |   134 ||   271
